 Dungeon Crawl Stone Soup version 0.28-a0-991-g956f0ee3d5 (webtiles) character file.

Game seed: 15082432439770676137

698 tvsian the Chopper (level 7, -6/61 HPs)
             Began as a Hill Orc Fighter on Dec 4, 2021.
             Mangled by Duvessa (16 damage)
             ... on level 4 of the Dungeon.
             The game lasted 00:10:04 (4505 turns).

tvsian the Chopper (Hill Orc Fighter)               Turns: 4505, Time: 00:10:05

Health: -6/61      AC: 17    Str: 21    XL:     7   Next: 65%
Magic:  7/7        EV:  4    Int:  8    God:
Gold:   257        SH: 14    Dex: 16    Spells: 6/6 levels left

rFire   . . .      SeeInvis .   a - +0 war axe
rCold   . . .      Faith    .   t - +0 tower shield
rNeg    . . .      Spirit   .   e - +0 chain mail
rPois   .          Reflect  .   (no helmet)
rElec   .          Harm     .   (no cloak)
rCorr   .          Rampage  .   l - +0 pair of gloves
Will    .....                   f - +1 pair of boots
Stlth   ..........              (no amulet)
HPRegen 0.20/turn               h - +4 ring of protection
MPRegen 0.10/turn               k - +6 ring of dexterity

@: lethally poisoned (-6 -> -7), lit by a corona, glowing
A: no striking features
a: no special abilities


You were on level 4 of the Dungeon.
You visited 1 branch of the dungeon, and saw 4 of its levels.
You also visited: Sewer.

You collected 257 gold pieces.

Inventory:

Hand Weapons
 a - a +0 war axe (weapon)
Armour
 e - a +0 chain mail (worn)
 f - a +1 pair of boots (worn)
 l - a +0 pair of gloves (worn)
 t - a +0 tower shield (worn)
Jewellery
 h - a +4 ring of protection (left hand)
 k - a +6 ring of dexterity (right hand)
Scrolls
 b - a scroll of magic mapping
 g - 2 scrolls of identify
 m - a scroll of vulnerability {unknown}
 o - 2 scrolls of teleportation
 p - a scroll of noise {unknown}
 q - a scroll of enchant weapon {unknown}
Potions
 d - a potion of might
 j - 3 potions of curing
 n - 4 potions of flight
 r - a potion of heal wounds {unknown}
 s - a potion of attraction {unknown}


   Skills:
 + Level 5.5 Fighting
 + Level 7.6 Axes
 + Level 0.3 Throwing
 + Level 5.0 Armour
 + Level 0.8 Dodging
 + Level 0.4 Stealth
 + Level 4.4 Shields


You had 6 spell levels left.
You didn't know any spells.
Your spell library contained the following spells:

 Spells                   Type           Power      Damage    Failure   Level
 Magic Dart               Conj           0%         1d3       100%        1
 Call Imp                 Summ           0%         N/A       100%        2
 Mephitic Cloud           Conj/Pois/Air  0%         N/A       100%        3


Dungeon Overview and Level Annotations

Branches:
Dungeon (4/15)              Sewer (visited)
 Temple: D:4-7

Altars:

Annotations:
D:3 2 runed translucent doors, fragbeetle's ghost, amateur GnWr
D:4 Duvessa


Message History

You closely miss Duvessa. You slash Dowan! You block Duvessa's attack.
You block Dowan's attack.
You hit Dowan.
Dowan is heavily wounded.
You barely miss Duvessa. Duvessa barely misses you. Dowan barely misses you.
Duvessa hits you but does no damage. Dowan barely misses you.
Your shield and chain mail prevent you from hitting Dowan.
Dowan is heavily wounded.
You hit Duvessa. Duvessa barely misses you. Dowan hits you but does no damage.
You are poisoned.
The goblin unwields a +0 hunting sling.
The goblin wields a +0 club.
You block the goblin's attack.
You slash Dowan!
Dowan is almost dead.
You slash the goblin!
You kill the goblin!
You hit Duvessa but do no damage.
You feel very sick. You block Duvessa's attack. You block Dowan's attack.
Duvessa hits you but does no damage. Dowan casts a spell at you.
You are outlined in light.
You slash Dowan!
You kill Dowan!
Duvessa screams, "No!
How DARE you!"
Duvessa goes berserk!
You hit Duvessa.
You feel sick. Duvessa hits you with a +0 rapier.
Duvessa hits you with a +0 rapier!
Your Armour skill increases to level 5!
You feel sick. Duvessa hits you but does no damage.
Things that are here:
a +3 dagger of venom; a +0 robe You hit Duvessa but do no damage.
Duvessa is lightly wounded.
You feel sick. You block Duvessa's attack. x2
Duvessa hits you with a +0 rapier.
* * * LOW HITPOINT WARNING * * *
You hit Duvessa but do no damage.
Duvessa is lightly wounded.
You feel sick. Duvessa hits you with a +0 rapier!
You die...

#...........
####...........
........(......
............... #####
..............? #...#
............... #...#
...............
###...# ######
#..e@)...... #......
#....# ####'#######
#...... #....# #....#
###...... #....#
#....# #(.).....
#....# #....#
#.......# #....#
#....# #.......#
#...<### ####.#
######### #......#
#.#...#
#...<..########.#...#


You could see Duvessa (berserk).

Vanquished Creatures
  Grinder (D:4)
  A bullfrog (D:4)
  A scorpion (D:4)
  Dowan (D:4)
  A jelly (D:4)
  A merfolk siren (Sewer)
  A merfolk avatar (Sewer)
  10 adders
  4 gnolls (D:4)
  4 river rats
  A worm (D:3)
  3 dart slugs
  3 orcs
  9 ball pythons
  5 bats
  3 endoplasms
  6 giant cockroaches
  4 goblins
  6 hobgoblins
  5 quokkas
  6 frilled lizards
  5 kobolds
  27 rats
108 creatures vanquished.

Notes
Turn   | Place    | Note
-------+----------+-------------------------------------------
     0 | D:1      | tvsian the Hill Orc Fighter began the quest for the Orb.
     0 | D:1      | Reached XP level 1. HP: 19/19 MP: 1/1
   183 | D:1      | Reached XP level 2. HP: 22/27 MP: 2/2
   415 | D:1      | Reached skill level 3 in Axes
   543 | D:1      | Reached XP level 3. HP: 31/33 MP: 3/3
  1329 | D:2      | Found a faded altar of an unknown god.
  1724 | D:3      | Found a large runed translucent door.
  1724 | D:3      | Found a large runed translucent door.
  1731 | D:3      | Noticed fragbeetle's ghost (amateur GnWr)
  1741 | D:3      | Reached XP level 4. HP: 26/40 MP: 4/4
  2341 | D:4      | Noticed Grinder
  2354 | D:4      | Killed Grinder
  2355 | D:4      | Reached skill level 5 in Axes
  2355 | D:4      | Reached XP level 5. HP: 17/47 MP: 5/5
  2355 | D:4      | Reached XP level 6. HP: 19/53 MP: 6/6
  2414 | D:4      | Reached skill level 6 in Axes
  2512 | D:4      | Found a glowing drain.
  2521 | Sewer    | Entered a sewer
  3160 | Sewer    | Reached XP level 7. HP: 36/60 MP: 7/7
  3185 | Sewer    | Reached skill level 5 in Fighting
  3185 | Sewer    | Reached skill level 7 in Axes
  4492 | D:4      | Noticed Duvessa
  4493 | D:4      | Noticed Dowan
  4502 | D:4      | Killed Dowan
  4503 | D:4      | Reached skill level 5 in Armour
  4505 | D:4      | Mangled by Duvessa

Illustrated notes

Levels and vault maps discovered:
D:1:      zelgadis_glass_arrival_large, layout_loops_ring, minmay_surrounded
D:2:      layout_basic, ebering_ecumenical_altar_webs
D:3:      layout_loops_ring, ebering_ghost_disaster_area,
          kennysheep_generic_room_3
D:4:      layout_basic, gup_sewer_entry_bubbles, uniq_duvessa, uniq_grinder

Skill      XL: |  1  2  3  4  5  6  7 |
---------------+----------------------+-----
Axes           | 3 5 6 7 |  7.6
Fighting       | 4 5 |  5.5
Shields        | 4 |  4.4
Armour         | 4 5 |  5.0
Throwing       | |  0.3
Dodging        | |  0.8
Stealth        | |  0.4

Action                   |  1- 3 |  4- 6 |  7- 9 || total
-------------------------+-------+-------+-------++-------
Melee: War axe           |    95 |   208 |    70 ||   373
Throw: Dart              |     2 |     1 |    10 ||    13
  Use: Scroll            |     2 |     2 |       ||     4
 Stab: Invisible         |       |       |     1 ||     1
Armor: Scale mail        |     7 |       |       ||     7
       Chain mail        |    55 |   102 |    35 ||   192
Dodge: Dodged            |    40 |    66 |    14 ||   120
Block: Buckler           |    22 |    48 |     9 ||    79
       Tower shield      |       |       |    34 ||    34

Table legend: (Time is in decaauts)
 A = Elapsed time spent in this place.
 B = Non-inter-level travel time spent in this place.
 C = Inter-level travel time spent in this place.
 D = Time resting spent in this place.
 E = Time spent auto-exploring this place.
 F = Levels seen in this place.
 G = Mean time per level.
                   A        B        C        D        E       F      G
               +--------+--------+--------+--------+--------+-----+--------+
         Total |   4687 |   4606 |     81 |    528 |   3026 |   5 |  937.4 |
       Dungeon |   3570 |   3489 |     81 |      8 |   2795 |   4 |  892.5 |
         Sewer |   1117 |   1117 |      0 |    520 |    231 |   1 | 1117.0 |
               +--------+--------+--------+--------+--------+-----+--------+

Top non-repeatable levels by time:
     D:4: 1213 daAuts
   Sewer: 1117 daAuts
     D:2: 832 daAuts
     D:1: 768 daAuts
     D:3: 756 daAuts
